[ AOE2 MATCH · #514118919 ]
UnrankedDravidians vs Bengalis
Rival team · LOSS
[ REPLAY ANALYSIS · EXTRACTED FROM THE RECORDED GAME ]
Feudal
11:08
Castle
22:13
Imperial
33:15
| APM avg | 54.4 |
| APM peak | 95 |
| eAPM avg | 26.3 |
| Villagers / military | 151 / 170 |
Focus
⚔️ 38.3% · 🌾 61.7%
Skirmisher ×95 · Archer ×38 · Elephant Archer ×25 · Militia ×4 · Bombard Cannon ×3 · Monk ×2
Feudal
9:02
Castle
20:31
Imperial
34:19
| APM avg | 65.5 |
| APM peak | 123 |
| eAPM avg | 36.4 |
| Villagers / military | 121 / 216 |
Focus
⚔️ 58.0% · 🌾 42.0%
Skirmisher ×176 · Scout Cavalry ×17 · Mangonel ×4 · Archer ×3 · Militia ×3 · Ratha (Ranged) ×3
Match map
Initial resources + every placement click. Lines = walls · curves = elevation contours. ◆ gold · ⬟ stone · ● berries · ✦ relic · ◌ wall gap
Your base· ✓ Closed at 22:13 · 46t walls · 1 gate(s)
erikolu's base· Open — 6t gap
Smoothed initial terrain · ◌ = detected wall gap · hover for details
Inputs per minute
— themad22 - - erikolu
Build order — themad22
First 150 of 498 actions detected
| 0:01 | Queue | Villager (Male) |
| 0:01 | Queue | Villager (Male) |
| 0:02 | Build | House |
| 0:03 | Build | House |
| 0:19 | Queue | Villager (Male) |
| 0:29 | Queue | Villager (Male) |
| 1:15 | Queue | Villager (Male) |
| 1:44 | Queue | Villager (Male) |
| 2:10 | Build | Lumber Camp |
| 2:18 | Queue | Villager (Male) |
| 2:41 | Queue | Villager (Male) |
| 2:41 | Queue | Villager (Male) |
| 3:16 | Queue | Villager (Male) |
| 3:16 | Queue | Villager (Male) |
| 3:16 | Queue | Villager (Male) |
| 3:57 | Queue | Villager (Male) |
| 4:00 | Build | House |
| 4:21 | Queue | Villager (Male) |
| 4:22 | Queue | Villager (Male) |
| 4:40 | Build | Barracks |
| 4:51 | Queue | Villager (Male) |
| 5:01 | Build | House |
| 5:07 | Queue | Villager (Male) |
| 5:26 | Build | House |
| 5:38 | Queue | Villager (Male) |
| 5:42 | Queue | Militia |
| 5:49 | Queue | Militia |
| 5:54 | Queue | Militia |
| 6:06 | Queue | Militia |
| 6:10 | Queue | Villager (Male) |
| 6:24 | Build | Mill |
| 6:39 | Queue | Villager (Male) |
| 6:59 | Build | Farm |
| 7:03 | Queue | Villager (Male) |
| 7:32 | Build | Farm |
| 7:32 | Queue | Villager (Male) |
| 7:49 | Research | Loom |
| 7:55 | Queue | Villager (Male) |
| 8:58 | Research | Feudal Age |
| 9:19 | Build | House |
| 9:23 | Build | Palisade Wall |
| 9:25 | Build | Lumber Camp |
| 9:44 | Build | Palisade Wall |
| 9:52 | Build | Palisade Wall |
| 9:56 | Build | Palisade Wall |
| 9:58 | Build | Palisade Wall |
| 10:00 | Build | Palisade Wall |
| 10:02 | Build | Palisade Wall |
| 10:04 | Build | Palisade Wall |
| 10:06 | Build | Palisade Wall |
| 10:08 | Build | Palisade Wall |
| 10:10 | Build | Palisade Wall |
| 10:14 | Queue | Villager (Male) |
| 10:46 | Build | Palisade Wall |
| 11:08 | Age | Feudal Age |
| 11:08 | Queue | Villager (Male) |
| 11:10 | Queue | Villager (Male) |
| 11:13 | Build | Archery Range |
| 11:15 | Build | Blacksmith |
| 11:24 | Research | Double-Bit Axe |
| 11:24 | Research | Horse Collar |
| 11:24 | Research | Horse Collar |
| 11:43 | Queue | Skirmisher |
| 11:49 | Build | Archery Range |
| 11:52 | Queue | Villager (Male) |
| 11:56 | Queue | Villager (Male) |
| 11:59 | Build | House |
| 12:04 | Build | House |
| 12:07 | Build | House |
| 12:12 | Queue | Skirmisher |
| 12:15 | Queue | Villager (Male) |
| 12:18 | Build | House |
| 12:19 | Queue | Skirmisher |
| 12:22 | Build | House |
| 12:29 | Queue | Villager (Male) |
| 12:47 | Queue | Skirmisher |
| 12:48 | Queue | Skirmisher |
| 12:55 | Build | House |
| 12:57 | Build | House |
| 13:00 | Build | House |
| 13:03 | Queue | Skirmisher |
| 13:03 | Queue | Skirmisher |
| 13:15 | Queue | Villager (Male) |
| 13:22 | Build | House |
| 13:29 | Research | Padded Archer Armor |
| 13:29 | Research | Padded Archer Armor |
| 13:32 | Build | Farm |
| 13:33 | Build | Farm |
| 13:33 | Queue | Villager (Male) |
| 13:44 | Queue | Skirmisher |
| 13:47 | Build | Farm |
| 14:19 | Queue | Villager (Male) |
| 14:21 | Build | Mining Camp |
| 14:28 | Build | Farm |
| 14:31 | Build | Farm |
| 14:34 | Queue | Villager (Male) |
| 14:45 | Queue | Skirmisher |
| 14:51 | Build | Palisade Gate |
| 14:52 | Build | Palisade Wall |
| 14:53 | Build | Palisade Wall |
| 14:56 | Queue | Villager (Male) |
| 15:05 | Build | Palisade Wall |
| 15:08 | Queue | Villager (Male) |
| 15:11 | Queue | Skirmisher |
| 15:26 | Build | Farm |
| 15:27 | Build | Farm |
| 15:31 | Build | Farm |
| 15:33 | Build | Farm |
| 15:35 | Build | Farm |
| 15:36 | Queue | Villager (Male) |
| 15:41 | Build | Palisade Wall |
| 15:44 | Queue | Villager (Male) |
| 15:57 | Build | Palisade Wall |
| 16:05 | Queue | Skirmisher |
| 16:05 | Queue | Skirmisher |
| 16:07 | Queue | Villager (Male) |
| 16:23 | Research | Fletching |
| 16:23 | Research | Fletching |
| 16:25 | Queue | Villager (Male) |
| 16:28 | Build | Farm |
| 16:29 | Build | Farm |
| 16:29 | Build | Farm |
| 16:29 | Build | Farm |
| 16:30 | Build | Farm |
| 16:30 | Build | Farm |
| 16:30 | Build | Farm |
| 16:38 | Build | Farm |
| 16:51 | Queue | Villager (Male) |
| 17:19 | Build | Farm |
| 17:20 | Build | Farm |
| 17:23 | Queue | Villager (Male) |
| 17:35 | Build | Farm |
| 17:39 | Build | Farm |
| 17:43 | Build | Farm |
| 17:50 | Build | Palisade Wall |
| 17:54 | Build | Farm |
| 18:03 | Queue | Skirmisher |
| 18:03 | Queue | Skirmisher |
| 18:05 | Queue | Villager (Male) |
| 18:20 | Queue | Villager (Male) |
| 18:25 | Build | Farm |
| 18:33 | Build | Market |
| 19:11 | Build | House |
| 19:13 | Build | House |
| 19:33 | Research | Castle Age |
| 19:39 | Queue | Skirmisher |
| 19:46 | Queue | Skirmisher |
| 19:58 | Queue | Skirmisher |
| 19:58 | Queue | Skirmisher |
| 20:16 | Queue | Archer |
Build order — erikolu
First 150 of 581 actions detected
| 0:01 | Queue | Villager (Male) |
| 0:01 | Queue | Villager (Male) |
| 0:02 | Build | House |
| 0:03 | Build | House |
| 0:21 | Queue | Villager (Male) |
| 0:21 | Queue | Villager (Male) |
| 0:22 | Queue | Villager (Male) |
| 1:17 | Queue | Villager (Male) |
| 1:17 | Queue | Villager (Male) |
| 1:46 | Build | Lumber Camp |
| 1:51 | Queue | Villager (Male) |
| 2:11 | Queue | Villager (Male) |
| 2:29 | Queue | Villager (Male) |
| 3:00 | Queue | Villager (Male) |
| 3:19 | Queue | Villager (Male) |
| 3:50 | Queue | Villager (Male) |
| 4:07 | Build | House |
| 4:10 | Queue | Villager (Male) |
| 4:29 | Queue | Villager (Male) |
| 4:51 | Build | Barracks |
| 5:00 | Queue | Villager (Male) |
| 5:27 | Queue | Villager (Male) |
| 5:40 | Build | House |
| 5:44 | Queue | Villager (Male) |
| 5:55 | Research | Loom |
| 6:42 | Build | Mining Camp |
| 6:46 | Build | Mining Camp |
| 6:52 | Research | Feudal Age |
| 6:52 | Research | Feudal Age |
| 7:16 | Queue | Militia |
| 7:16 | Queue | Militia |
| 7:42 | Queue | Militia |
| 8:14 | Build | House |
| 8:21 | Build | Mill |
| 8:49 | Build | Palisade Wall |
| 8:52 | Build | Palisade Wall |
| 8:59 | Queue | Villager (Male) |
| 9:02 | Age | Feudal Age |
| 9:09 | Build | Archery Range |
| 9:16 | Research | Man-at-Arms (upgrade) |
| 9:26 | Queue | Villager (Male) |
| 9:35 | Build | House |
| 9:50 | Queue | Villager (Male) |
| 10:00 | Queue | Archer |
| 10:01 | Queue | Archer |
| 10:05 | Build | Blacksmith |
| 10:11 | Queue | Villager (Male) |
| 10:28 | Build | Palisade Wall |
| 10:31 | Build | House |
| 10:42 | Queue | Villager (Male) |
| 10:42 | Queue | Archer |
| 10:44 | Build | Palisade Wall |
| 10:47 | Build | Palisade Wall |
| 10:51 | Queue | Villager (Male) |
| 11:03 | Build | Farm |
| 11:12 | Build | Palisade Wall |
| 11:23 | Build | Farm |
| 11:26 | Build | Farm |
| 11:28 | Queue | Villager (Male) |
| 11:47 | Build | Farm |
| 12:04 | Queue | Villager (Male) |
| 12:17 | Build | Lumber Camp |
| 12:37 | Queue | Villager (Male) |
| 12:46 | Build | House |
| 12:50 | Build | Palisade Wall |
| 12:54 | Queue | Villager (Male) |
| 13:09 | Build | House |
| 13:11 | Build | Farm |
| 13:12 | Build | Farm |
| 13:16 | Build | Farm |
| 13:19 | Queue | Villager (Male) |
| 13:37 | Build | House |
| 13:38 | Research | Double-Bit Axe |
| 13:46 | Build | Palisade Wall |
| 13:46 | Build | Palisade Wall |
| 13:57 | Queue | Villager (Male) |
| 14:04 | Build | House |
| 14:07 | Build | Palisade Wall |
| 14:16 | Build | House |
| 14:19 | Build | Palisade Wall |
| 14:21 | Queue | Villager (Male) |
| 14:29 | Build | Farm |
| 14:30 | Build | Farm |
| 14:31 | Build | Farm |
| 14:33 | Queue | Skirmisher |
| 14:40 | Queue | Skirmisher |
| 14:48 | Build | House |
| 14:49 | Build | House |
| 14:53 | Queue | Villager (Male) |
| 15:09 | Build | Palisade Wall |
| 15:11 | Queue | Villager (Male) |
| 15:14 | Queue | Skirmisher |
| 15:19 | Build | House |
| 15:38 | Queue | Villager (Male) |
| 15:40 | Build | Farm |
| 15:52 | Queue | Villager (Male) |
| 16:08 | Build | Market |
| 16:09 | Build | Palisade Wall |
| 16:12 | Queue | Villager (Male) |
| 16:16 | Build | Farm |
| 16:17 | Build | Farm |
| 16:19 | Build | Farm |
| 16:35 | Queue | Villager (Male) |
| 16:48 | Build | Farm |
| 16:57 | Queue | Villager (Male) |
| 17:06 | Build | House |
| 17:07 | Build | House |
| 17:51 | Research | Castle Age |
| 17:51 | Research | Castle Age |
| 17:55 | Build | House |
| 18:17 | Research | Horse Collar |
| 18:18 | Research | Horse Collar |
| 18:27 | Build | House |
| 18:34 | Build | Stable |
| 18:39 | Build | Stable |
| 18:45 | Research | Scale Barding Armor |
| 18:53 | Research | Gold Mining |
| 18:56 | Build | House |
| 18:59 | Build | House |
| 19:09 | Build | Farm |
| 19:15 | Build | House |
| 19:30 | Build | Stable |
| 19:36 | Research | Bloodlines |
| 19:52 | Queue | Scout Cavalry |
| 20:00 | Build | House |
| 20:09 | Build | Farm |
| 20:15 | Queue | Scout Cavalry |
| 20:31 | Age | Castle Age |
| 20:37 | Research | Light Cavalry (upgrade) |
| 20:38 | Queue | Villager (Male) |
| 20:48 | Queue | Villager (Male) |
| 20:53 | Build | Town Center |
| 21:14 | Queue | Villager (Male) |
| 21:57 | Queue | Villager (Male) |
| 22:01 | Build | Monastery |
| 22:01 | Build | Farm |
| 22:09 | Queue | Scout Cavalry |
| 22:11 | Research | Wheelbarrow |
| 22:11 | Research | Town Watch |
| 22:18 | Build | Farm |
| 22:19 | Build | Farm |
| 22:25 | Queue | Villager (Male) |
| 22:35 | Queue | Villager (Male) |
| 22:37 | Build | Farm |
| 22:59 | Build | Farm |
| 22:59 | Build | Farm |
| 22:59 | Build | Farm |
| 23:00 | Queue | Villager (Male) |
| 23:02 | Build | Mining Camp |
| 23:09 | Build | Farm |
Match timeline
| 4:40 | themad22 · first_building Barracks |
| 4:51 | erikolu · first_building Barracks |
| 8:49 | erikolu · wall_segment Palisade Wall x1 |
| 8:52 | erikolu · wall_segment Palisade Wall x2 |
| 9:02 | erikolu · age_up feudal |
| 9:09 | erikolu · first_building Archery Range |
| 9:23 | themad22 · wall_segment Palisade Wall x1 |
| 9:44 | themad22 · wall_segment Palisade Wall x1 |
| 9:52 | themad22 · wall_segment Palisade Wall x1 |
| 9:56 | themad22 · wall_segment Palisade Wall x1 |
| 9:58 | themad22 · wall_segment Palisade Wall x1 |
| 10:00 | themad22 · wall_segment Palisade Wall x1 |
| 10:02 | themad22 · wall_segment Palisade Wall x1 |
| 10:04 | themad22 · wall_segment Palisade Wall x1 |
| 10:06 | themad22 · wall_segment Palisade Wall x1 |
| 10:08 | themad22 · wall_segment Palisade Wall x1 |
| 10:10 | themad22 · wall_segment Palisade Wall x1 |
| 10:28 | erikolu · wall_segment Palisade Wall x1 |
| 10:44 | erikolu · wall_segment Palisade Wall x1 |
| 10:46 | themad22 · wall_segment Palisade Wall x1 |
| 10:47 | erikolu · wall_segment Palisade Wall x2 |
| 11:08 | themad22 · age_up feudal |
| 11:12 | erikolu · wall_segment Palisade Wall x1 |
| 11:13 | themad22 · first_building Archery Range |
| 12:50 | erikolu · wall_segment Palisade Wall x7 |
| 13:46 | erikolu · wall_segment Palisade Wall x5 |
| 13:46 | erikolu · wall_segment Palisade Wall x2 |
| 14:07 | erikolu · wall_segment Palisade Wall x3 |
| 14:19 | erikolu · wall_segment Palisade Wall x2 |
| 14:52 | themad22 · wall_segment Palisade Wall x1 |
| 14:53 | themad22 · wall_segment Palisade Wall x1 |
| 15:05 | themad22 · wall_segment Palisade Wall x8 |
| 15:09 | erikolu · wall_segment Palisade Wall x12 |
| 15:41 | themad22 · wall_segment Palisade Wall x16 |
| 15:57 | themad22 · wall_segment Palisade Wall x1 |
| 16:09 | erikolu · wall_segment Palisade Wall x1 |
| 17:16 | erikolu · first_market_sell 100 wood |
| 17:22 | erikolu · first_market_buy 100 food |
| 17:50 | themad22 · wall_segment Palisade Wall x7 |
| 18:34 | erikolu · first_building Stable |
| 19:27 | themad22 · first_market_buy 100 food |
| 19:30 | themad22 · first_market_sell 100 wood |
| 20:31 | erikolu · age_up castle |
| 22:01 | erikolu · first_building Monastery |
| 22:13 | themad22 · age_up castle |
| 24:03 | erikolu · first_building Siege Workshop |
| 26:06 | themad22 · first_building Monastery |
| 29:04 | erikolu · first_building Castle |
| 29:17 | themad22 · first_building Siege Workshop |
| 33:15 | themad22 · age_up imperial |
| 34:19 | erikolu · age_up imperial |
| 38:20 | themad22 · first_building Castle |
| 42:26 | themad22 · first_building Stable |
| 46:02 | erikolu · resign |
[ AI ANALYSIS · 1 CREDIT ]
What really happened in this match?
Wolo.gg analyzes every decision: build order, eco, micro, common mistakes by bracket. Personalized analysis on WhatsApp or Discord in 30 seconds.
Civ guide
Dravidians
Perfil
Jugador #4380674